 Dungeon Crawl Stone Soup version 0.27-a0-1147-gb3d8e82 (webtiles) character file.

Game seed: 9517147330262795227

60 Meow the Stinger (level 4, 26/36 HPs)
             Began as a Naga Venom Mage on May 11, 2021.
             Quit the game on level 1 of the Dungeon.
             The game lasted 00:05:01 (1189 turns).

Meow the Stinger (Naga Venom Mage)                  Turns: 1189, Time: 00:05:02

Health: 26/36      AC:  6    Str: 10    XL:     4   Next: 4%
Magic:  1/8        EV: 10    Int: 16    God:
Gold:   33         SH:  0    Dex: 12    Spells: 4/8 levels left

rFire    + . .     SeeInvis +   a - +0 mace
rCold    . . .     Faith    .   (no shield)
rNeg     . . .     Spirit   .   g - +2 robe {rF+}
rPois    +         Reflect  .   p - +0 helmet
rElec    .         Harm     .   (no cloak)
rCorr    .         Rampage  .   m - +0 pair of gloves
Will     .....                  (no barding)
Stlth    +++.......             f - amulet of the acrobat
HPRegen  0.12/turn              (no ring)
MPRegen  0.11/turn              (no ring)

@: very slow
A: AC +1, large, see invisible, deformed body, poison resistance, slowness 2,
spit poison 1, naga tail 1
a: Spit Poison


You were on level 1 of the Dungeon.
You visited 1 branch of the dungeon, and saw 2 of its levels.

You collected 33 gold pieces.

Inventory:

Hand Weapons
 a - a +0 mace (weapon)
Missiles
 h - 9 stones (quivered)
 k - 9 poisoned darts
 n - a throwing net
Armour
 c - a +0 robe
 g - a +2 robe of fire resistance (worn)
 m - a +0 pair of gloves (worn)
 p - a +0 helmet (worn)
Magical Staves
 i - a staff of fire
Jewellery
 f - an amulet of the acrobat (around neck)
Scrolls
 d - a scroll of noise {unknown}
 e - 2 scrolls of identify
 j - a scroll of blinking {unknown}
 l - 2 scrolls of teleportation {unknown}
Potions
 b - 2 potions of lignification
 o - a potion of haste {unknown}


   Skills:
 - Level 1.5 Dodging
 + Level 4.4 Stealth
 + Level 2.7 Spellcasting
 - Level 1.0 Transmutations
 + Level 4.9 Poison Magic


You had 4 spell levels left.
You knew the following spells:

 Your Spells              Type           Power      Damage    Failure   Level
a - Sting                 Tmut/Pois      44%        1d5       5%          1
c - Mephitic Cloud        Conj/Pois/Air  7%         N/A       28%         3

Your spell library contained the following spells:

 Spells                   Type           Power      Damage    Failure   Level
 Poisonous Vapours        Pois/Air       20%        N/A       11%         2
 Olgreb's Toxic Radiance  Pois           18%        N/A       24%         4
 Ignite Poison            Fire/Tmut/Pois 8%         N/A       26%         3


Dungeon Overview and Level Annotations

Branches:
Dungeon (2/15)

Altars:

Shops:
D:1 !


Innate Abilities, Weirdness & Mutations

Your serpentine skin is tough. (AC +1)
You have supernaturally acute eyesight. (SInv)
Armour fits poorly on your strangely shaped body.
Your system is resistant to poisons. (rPois)
You cover ground very slowly.
You can spit poison.
You have a snake-like lower body.


Message History

Confirm with . or Enter, or press ? or * to list all spells.
Aiming: Sting (safe; 6% risk of failure)
Press: ? - help, Shift-Dir - straight line, f/p - Robin
Aim: Robin, wielding a +0 falchion, wearing a +0 animal skin and wearing a +0 helmet (heavily wounded, very poisoned, 79% to hit)
The sting misses Robin.
Robin hits you with a +0 falchion.
Unknown command.
Casting: Sting (safe; 6% risk of failure)
Confirm with . or Enter, or press ? or * to list all spells.
Aiming: Sting (safe; 6% risk of failure)
Press: ? - help, Shift-Dir - straight line, f/p - Robin
Aim: Robin, wielding a +0 falchion, wearing a +0 animal skin and wearing a +0 helmet (severely wounded, very poisoned, 79% to hit)
You miscast Sting.
You are very lightly contaminated with residual magic.
Nothing appears to happen.
Robin barely misses you.
Casting: Sting (safe; 6% risk of failure)
Confirm with . or Enter, or press ? or * to list all spells.
Aiming: Sting (safe; 6% risk of failure)
Press: ? - help, Shift-Dir - straight line, f/p - Robin
Aim: Robin, wielding a +0 falchion, wearing a +0 animal skin and wearing a +0 helmet (severely wounded, very poisoned, 79% to hit)
The sting hits Robin.
Robin looks even sicker.
Robin is almost dead.
Robin hits you with a +0 falchion.
Casting: Sting (safe; 6% risk of failure)
Confirm with . or Enter, or press ? or * to list all spells.
Aiming: Sting (safe; 6% risk of failure)
Press: ? - help, Shift-Dir - straight line, f/p - Robin
Aim: Robin, wielding a +0 falchion, wearing a +0 animal skin and wearing a +0 helmet (almost dead, very poisoned, 79% to hit)
The sting hits Robin.
Robin looks as sick as possible!
You kill Robin!
You have reached level 4!
You feel agile.
Items here: )) [[.
Okay, then.
You have got your breath back.
Your magical contamination has completely faded away.
Items here: )) [[.
p - a +0 helmet You start putting on your armour.
You continue putting on your +0 helmet. x4
You finish putting on your +0 helmet.
Are you sure you want to abandon this character and quit the game? (Confirm with "yes".)

# # # # # ######## #
#......# # #.####.#
#### ##.#.##.#######
##.## #...#....>@...#
#.#.###..#.##.#####.#
.........####.# #.#
#..>.###......# #)#
##.#.# ######## #.#
#.#..# #.#
##.#.######### ##.#
.....#.......# #..#
.#...#.......#
###.####


There were no monsters in sight!

Vanquished Creatures
  Robin (D:1)
  2 adders (D:2)
  4 bats
  An endoplasm (D:1)
  A giant cockroach (D:1)
  8 goblins
  A hobgoblin (D:2)
  A quokka (D:1)
  A ball python (D:2)
  5 frilled lizards
  5 kobolds
  3 rats
33 creatures vanquished.

Notes
Turn   | Place    | Note
-------+----------+-------------------------------------------
     0 | D:1      | Meow the Naga Venom Mage began the quest for the Orb.
     0 | D:1      | Reached XP level 1. HP: 15/15 MP: 3/3
   276 | D:1      | Found Umavuomp's Distillery.
   348 | D:1      | Reached XP level 2. HP: 22/22 MP: 5/5
   362 | D:1      | You fall into a shaft and drop 1 floor!
   639 | D:1      | Found a faded altar of an unknown god.
   927 | D:2      | Reached XP level 3. HP: 28/28 MP: 4/6
   933 | D:2      | Learned a level 3 spell: Mephitic Cloud
  1111 | D:2      | Noticed Robin
  1179 | D:1      | Killed Robin
  1180 | D:1      | Reached XP level 4. HP: 25/36 MP: 0/8
  1189 | D:1      | Quit the game

Illustrated notes

Levels and vault maps discovered:
D:1:      scummos_arrival_checkerplants, layout_loops_cross,
          shapermc_ecumenical_altar_mp_urbaneastern, serial_shops, shop
D:2:      layout_rooms, serial_forest, infiniplex_forest_lined_3_way,
          infiniplex_forest_clump_C, infiniplex_forest_straight_4,
          infiniplex_forest_fountain, infiniplex_forest_straight_1,
          infiniplex_forest_corner_2, uniq_robin

Skill      XL: |  1  2  3 |
---------------+----------+-----
Stealth        | 4 |  4.4
Dodging        | |  1.5
Spellcasting   | |  2.7
Transmutations | |  1.0
Poison Magic   | |  4.9

Action                   |  1- 3 |  4- 6 || total
-------------------------+-------+-------++-------
Throw: Stone             |     2 |       ||     2
 Cast: Sting             |    25 |       ||    25
 Abil: Spit Poison       |    37 |       ||    37
  Use: Scroll            |     1 |       ||     1
Armor: Robe              |     9 |       ||     9
Dodge: Dodged            |    24 |       ||    24

Table legend: (Time is in decaauts)
 A = Elapsed time spent in this place.
 B = Non-inter-level travel time spent in this place.
 C = Inter-level travel time spent in this place.
 D = Time resting spent in this place.
 E = Time spent auto-exploring this place.
 F = Levels seen in this place.
 G = Mean time per level.
                   A        B        C        D        E       F      G
               +--------+--------+--------+--------+--------+-----+--------+
         Total |   1545 |   1534 |     11 |    141 |    985 |   2 |  772.5 |
       Dungeon |   1545 |   1534 |     11 |    141 |    985 |   2 |  772.5 |
               +--------+--------+--------+--------+--------+-----+--------+

Top non-repeatable levels by time:
     D:1: 1085 daAuts
     D:2: 460 daAuts
